 Dungeon Crawl Stone Soup version 0.22.1-1-ga44c0e5 (webtiles) character file.

200 Velaskes the Skirmisher (level 5, -1/42 HPs)
             Began as a Demonspawn Abyssal Knight on Oct 30, 2018.
             Was a Follower of Lugonu.
             Slain by a bullfrog skeleton (3 damage)
             ... on level 4 of the Dungeon.
             The game lasted 00:16:22 (3575 turns).

Velaskes the Skirmisher (Demonspawn Abyssal Knight) Turns: 3575, Time: 00:16:23

Health: -1/42      AC:  6    Str: 13    XL:     5   Next: 48%
Magic:  6/6        EV:  9    Int: 13    God:    Lugonu [*.....]
Gold:   116        SH: 12    Dex: 13    Spells: 4/4 levels left

rFire    . . .     SeeInvis .   a - +1 short sword
rCold    . . .     Gourm    .   g - +0 shield
rNeg     . . .     Faith    .   f - +0 scale mail
rPois    +         Spirit   .   (helmet restricted)
rElec    .         Reflect  +   (no cloak)
rCorr    .         Harm     .   (no gloves)
MR       .....                  (no boots)
Stlth    ..........             e - +5 amulet of reflection
HPRegen  0.14/turn              d - ring of poison resistance
MPRegen  0.10/turn              (no ring)

@: no status effects
A: antennae 1, repulsion field 1
a: Depart the Abyss, Renounce Religion


You were on level 4 of the Dungeon.
You worshipped Lugonu.
Lugonu was aware of your devotion.
You were very hungry.

You visited 1 branch of the dungeon, and saw 4 of its levels.
You visited the Abyss 1 time.

You collected 116 gold pieces.

Inventory:

Hand Weapons
 a - a +1 short sword (weapon)
Armour
 b - a +0 leather armour
 f - a +0 scale mail (worn)
 g - a +0 shield (worn)
Jewellery
 d - a ring of poison resistance (left hand)
 e - a +5 amulet of reflection (around neck)
Scrolls
 c - 2 scrolls of remove curse
 h - a scroll of enchant armour {unknown}


   Skills:
 + Level 3.9 Fighting
 + Level 2.7 Short Blades
 + Level 2.9 Armour
 + Level 2.1 Dodging
 + Level 0.6 Stealth
 + Level 1.3 Shields
 + Level 2.6 Invocations


You had 4 spell levels left.
You didn't know any spells.
Your spell library was empty.

Dungeon Overview and Level Annotations

Branches:
Dungeon (4/15)
 Temple: D:4-7

Altars:
Dithmenos
Qazlal
Vehumet
Yredelemnul
Zin
The Shining One

Annotations:
D:3 Robin, Sigmund


Innate Abilities, Weirdness & Mutations

You have a pair of small antennae on your head.
You are surrounded by a mild repulsion field. (EV +2)


Message History

The bullfrog skeleton hits you but does no damage.
Something hits you.
* * * LOW HITPOINT WARNING * * *
You hit the bullfrog skeleton.
The bullfrog skeleton is heavily damaged.
The bullfrog skeleton hits you but does no damage.
Something hits you but does no damage.
The bullfrog skeleton barely misses you.
Something hits you.
* * * LOW HITPOINT WARNING * * *
The bullfrog skeleton hits you but does no damage.
You bump into the rock wall.
You feel less confused. The bullfrog skeleton hits you.
* * * LOW HITPOINT WARNING * * *
Something hits you but does no damage.
You hit the bullfrog skeleton.
The bullfrog skeleton is heavily damaged.
The bullfrog skeleton hits you.
You die...

#......# #......#
+###+###......##
................
)...........Z...
................
...........o....
###+##########'#......#
.........@.))..#......#
.........Z{....#......#
...............#......+
##+###########'###+####......#
.................# ##....#
........)........# ....#
.........<.[.....#
.................#
#####....#####........


You could see a bullfrog skeleton.

Vanquished Creatures
  2 orc wizards (D:4)
  An orc priest (D:4)
  Jessica (D:3)
  Terence (D:2)
  A dart slug (D:2)
  A leopard gecko (D:3)
  7 orcs
  6 bats
  3 giant cockroaches (D:1)
  9 goblins
  6 hobgoblins
  2 frilled lizards (D:1)
  7 kobolds
  4 rats
51 creatures vanquished.

Notes
Turn   | Place    | Note
-------+----------+-------------------------------------------
     0 | Abyss:1  | Velaskes the Demonspawn Abyssal Knight began the quest for
                  | the Orb.
     0 | Abyss:1  | Reached XP level 1. HP: 18/18 MP: 2/2
     2 | D:1      | Escaped the Abyss
   428 | D:1      | Reached * piety under Lugonu
   428 | D:1      | Gained mutation: You have a pair of small antennae on your
                  | head. [demonic ancestry]
   428 | D:1      | Reached XP level 2. HP: 15/24 MP: 3/3
  1396 | D:2      | Noticed Sigmund
  1590 | D:2      | Reached skill level 1 in Dodging
  1703 | D:2      | Noticed Terence
  1719 | D:2      | Killed Terence
  1719 | D:2      | Reached XP level 3. HP: 6/30 MP: 4/4
  1976 | D:2      | Found a basalt altar of Yredelemnul.
  1978 | D:2      | Noticed a profane servitor
  1991 | D:2      | Found a glowing golden altar of the Shining One.
  1993 | D:2      | Noticed an angel
  2070 | D:2      | Found a glowing silver altar of Zin.
  2070 | D:2      | Found a shadowy altar of Dithmenos.
  2070 | D:2      | Found a stormy altar of Qazlal.
  2633 | D:3      | Reached XP level 4. HP: 29/37 MP: 5/5
  2777 | D:3      | Found a radiant altar of Vehumet.
  2827 | D:3      | Noticed Jessica
  2835 | D:3      | Noticed Robin
  2837 | D:3      | Killed Jessica
  2837 | D:3      | Reached skill level 1 in Shields
  2886 | D:3      | Gained mutation: You are surrounded by a mild repulsion
                  | field. (EV +2) [demonic ancestry]
  2886 | D:3      | Reached XP level 5. HP: 16/42 MP: 6/6
  3209 | D:3      | HP: 1/42 [centaur zombie (5)]
  3574 | D:4      | HP: 2/42 [bullfrog skeleton (1)]
  3575 | D:4      | Slain by a bullfrog skeleton

Skill      XL: |  1  2  3  4  5 |
---------------+----------------+-----
Short Blades   | 2 |  2.7
Dodging        | 1 2 |  2.1
Armour         | 2 |  2.9
Shields        | 1 |  1.3
Fighting       | |  3.9
Stealth        | |  0.6
Invocations    | |  2.6

Action                   |  1- 3 |  4- 6 || total
-------------------------+-------+-------++-------
Melee: Short sword       |   163 |   111 ||   274
Invok: Depart the Abyss  |     1 |       ||     1
  Use: Scroll            |     5 |       ||     5
       Potion            |     1 |     1 ||     2
  Eat: Ration            |     1 |       ||     1
       Chunk             |     1 |     3 ||     4
Armor: Leather armour    |    45 |       ||    45
       Scale mail        |    37 |    54 ||    91
Dodge: Dodged            |    86 |    33 ||   119
Block: Shield            |    47 |    80 ||   127
